 Dungeon Crawl Stone Soup version 0.28.0-45-g0d030f2227 (webtiles) character file.

Game seed: 851001439745344807

2387 Descartes the Ruffian (level 9, 0/74 (76) HPs)
             Began as a Troll Warper on Apr 5, 2022.
             Slain by an orc warrior
             ... wielding a +0 dire flail
              (11 damage)
             ... on level 6 of the Dungeon.
             The game lasted 00:06:24 (3977 turns).

Descartes the Ruffian (Troll Warper)                Turns: 3977, Time: 00:06:25

HP:   0/74 (76)     AC:  5    Str: 21    XL:     9   Next: 22%
MP:   9/9           EV: 10    Int: 13    God:
Gold: 279           SH:  8    Dex: 15    Spells: 3/10 levels left

rFire   . . .      SeeInvis .     - Unarmed
rCold   . . .      Faith    .   v - +0 kite shield
rNeg    . . .      Spirit   .   a - +0 robe
rPois   .          Reflect  .   (helmet restricted)
rElec   .          Harm     .   j - +0 cloak
rCorr   .          Rampage  .   (gloves unavailable)
Will    .....                   (boots unavailable)
Stlth   +.........              s - amulet of magic regeneration
HPRegen 1.02/turn               u - +6 ring of dexterity
MPRegen 0.51/turn               (no ring)

@: lightly drained
A: large, unfitting armour, claws 3, regeneration 1, shaggy fur 1, tough skin 1
a: no special abilities


You were on level 6 of the Dungeon.
You visited 1 branch of the dungeon, and saw 6 of its levels.

You collected 279 gold pieces.

Inventory:

Missiles
 c - 5 boomerangs of dispersal (quivered)
 h - 14 poisoned darts
 i - 127 stones
 k - 6 boomerangs
 t - 2 large rocks
Armour
 a - a +0 robe (worn)
 j - a +0 cloak (worn)
 v - a +0 kite shield (worn)
Jewellery
 s - an amulet of magic regeneration (around neck)
 u - a +6 ring of dexterity (left claw)
Wands
 p - a wand of iceblast (5)
 q - a wand of mindburst (18)
Scrolls
 b - 2 scrolls of blinking
 d - a scroll of vulnerability {unknown}
 f - a scroll of enchant armour {unknown}
 g - 2 scrolls of teleportation {unknown}
 l - a scroll of amnesia {unknown}
 n - 2 scrolls of identify {unknown}
Potions
 e - 4 potions of curing {unknown}
 m - 2 potions of haste {unknown}
 o - a potion of lignification {unknown}
 r - a potion of resistance {unknown}


   Skills:
 - Level 1.5 Fighting
 - Level 0.8 Throwing
 - Level 5.0 Dodging
 + Level 2.5 Shields
 + Level 7.7 Unarmed Combat
 - Level 1.2 Spellcasting
 + Level 6.1 Translocations


You had 3 spell levels left.
You knew the following spells:

 Your Spells              Type           Power      Damage    Failure   Level
a - Manifold Assault      Tloc           16%        N/A       83%         5
b - Blink                 Tloc           32%        N/A       9%          2

Your spell library contained the following spells:

 Spells                   Type           Power      Damage    Failure   Level
 Gell's Gravitas          Tloc           16%        N/A       16%         3
 Lesser Beckoning         Tloc           16%        N/A       16%         3
 Teleport Other           Tloc           16%        N/A       16%         3
 Magic Dart               Conj           0%         1d3       56%         1
 Shock                    Conj/Air       0%         1d3       56%         1
 Passwall                 Tmut/Erth      0%         N/A       71%         2
 Searing Ray              Conj           0%         2d4       71%         2
 Swiftness                Air            0%         N/A       90%         3
 Airstrike                Air            0%         N/A       100%        4
 Fulminant Prism          Conj/Hex       0%         3d6       100%        4
 Dispersal                Tloc           8%         N/A       100%        6
 Ozocubu's Refrigeration  Ice            0%         4d5       100%        7


Dungeon Overview and Level Annotations

Branches:
Dungeon (6/15)
 Temple: D:4-7

Altars:
Dithmenos
Fedhas
Hepliaklqana
Okawaru
Ru
Xom
Zin
The Shining One

Shops:
D:4 ?   D:5 (

Annotations:
D:2 Natasha


Innate Abilities, Weirdness & Mutations

You are too large for most types of armour.
You have claws for hands.
Your natural rate of healing is unusually fast.
You are covered in fur. (AC +1)
You have tough skin. (AC +1)


Message History

You block the necrophage's attack. The wight barely misses you.
The orc warrior hits you with a +0 dire flail!
You claw the necrophage!
The necrophage is severely damaged.
The necrophage hits you but does no damage.
The wight closely misses you. You block the orc warrior's attack.
You claw the necrophage!
You destroy the necrophage!
The orc warrior hits you with a +0 dire flail!
You block the wight's attack.
You scratch the orc warrior.
The orc warrior is lightly wounded.
The wight hits you from afar with a +0 halberd!
The orc warrior hits you with a +0 dire flail!
You are too injured to fight recklessly!
You are too injured to fight recklessly!
You are too injured to fight recklessly!
You are too injured to fight recklessly!
You are too injured to fight recklessly!
You are too injured to fight recklessly!
You are too injured to fight recklessly!
You are too injured to fight recklessly!
You are too injured to fight recklessly!
You are too injured to fight recklessly!
You are too injured to fight recklessly!
You are too injured to fight recklessly!
You are too injured to fight recklessly!
You are too injured to fight recklessly!
You are too injured to fight recklessly!
You are too injured to fight recklessly!
You are too injured to fight recklessly!
You are too injured to fight recklessly!
You closely miss the orc warrior.
The orc warrior is lightly wounded.
The wight hits you from afar with a +0 halberd!
* * * LOW HITPOINT WARNING * * *
You feel drained.
* * * LOW HITPOINT WARNING * * *
The orc warrior hits you with a +0 dire flail!
You die...

#.. .#..#. #.. ..._. #..
.#.. #.. Z.. #. .. zn #..
####. (###.......
#..#†##z##.........
#....@o##............
.###.>.................
........................
......................).....
....##.##...................
#....## #...................
#....#.###....#.............
.......#....##............
.........####.#.........


You could see an orc warrior and a wight.

Vanquished Creatures
  Grinder (D:3)
  Sigmund (D:3)
  Edmund (D:4)
  A hornet zombie (D:6)
  An ice beast (D:6)
  A sky beast (D:6)
  A black bear (D:6)
  3 necrophages
  3 ogres
  A centaur (D:5)
  3 scorpions
  A water moccasin skeleton (D:4)
  5 wights (D:5)
  A howler monkey (D:5)
  2 jellies
  A hound (D:4)
  An orc priest (D:3)
  Ijyb (D:4)
  Terence (D:2)
  An iguana (D:5)
  2 orc wizards
  Natasha (D:2)
  2 hound skeletons (D:5)
  A howler monkey zombie (D:5)
  Robin (D:3)
  3 adders
  A shadow imp (D:6)
  A white imp (D:5)
  2 adder skeletons (D:4)
  2 worms (D:2)
  3 dart slugs
  9 orcs
  6 ball pythons
  8 endoplasms
  2 giant cockroaches
  13 goblins
  14 hobgoblins
  4 jackals
  4 quokkas
  6 bats
  5 frilled lizards
  8 kobolds
  5 rats
134 creatures vanquished.

Vanquished Creatures (others)
  A goblin (D:3)
1 creature vanquished.

Grand Total: 135 creatures vanquished

Notes
Turn   | Place    | Note
-------+----------+-------------------------------------------
     0 | D:1      | Descartes the Troll Warper began the quest for the Orb.
     0 | D:1      | Reached XP level 1. HP: 19/19 MP: 1/1
    68 | D:1      | Reached XP level 2. HP: 24/27 MP: 2/2
   538 | D:2      | Noticed Terence
   548 | D:2      | Killed Terence
   549 | D:2      | Reached XP level 3. HP: 24/33 MP: 3/3
   937 | D:2      | Reached skill level 3 in Unarmed Combat
   937 | D:2      | Reached XP level 4. HP: 31/41 MP: 4/4
   990 | D:2      | Noticed Natasha
   994 | D:2      | Killed Natasha
  1395 | D:3      | Reached XP level 5. HP: 8/48 MP: 5/5
  1441 | D:2      | Noticed Natasha
  1514 | D:3      | Found a shimmering altar of Xom.
  1531 | D:3      | Noticed Robin
  1600 | D:3      | Killed Robin
  1679 | D:3      | Noticed Grinder
  1692 | D:3      | Killed Grinder
  1693 | D:3      | Reached skill level 4 in Unarmed Combat
  1693 | D:3      | Reached XP level 6. HP: 43/55 MP: 6/6
  1709 | D:3      | Noticed Sigmund
  1719 | D:3      | Killed Sigmund
  1720 | D:3      | Reached XP level 7. HP: 25/62 MP: 7/7
  2095 | D:4      | Reached skill level 5 in Unarmed Combat
  2108 | D:4      | Noticed Ijyb
  2115 | D:4      | Killed Ijyb
  2206 | D:4      | Learned a level 2 spell: Blink
  2212 | D:4      | Learned a level 5 spell: Manifold Assault
  2329 | D:4      | Found Dogat's Magic Scroll Boutique.
  2358 | D:4      | Got Ylonesae's Disquisition on Frigorific Shape Shifting
  2394 | D:4      | Noticed Edmund
  2395 | D:4      | Found a blossoming altar of Fedhas.
  2412 | D:4      | Killed Edmund
  2480 | D:4      | Found a glowing silver altar of Zin.
  2480 | D:4      | Found a shadowy altar of Dithmenos.
  2492 | D:4      | Found a sacrificial altar of Ru.
  2494 | D:4      | Found a faded altar of an unknown god.
  2496 | D:4      | Found a hazy altar of Hepliaklqana.
  2540 | D:4      | Reached XP level 8. HP: 64/70 MP: 8/8
  2726 | D:5      | Entered Level 5 of the Dungeon
  2745 | D:5      | Reached skill level 5 in Dodging
  2817 | D:5      | Reached skill level 6 in Unarmed Combat
  2863 | D:5      | Reached skill level 5 in Translocations
  2933 | D:5      | Found a glowing golden altar of the Shining One.
  3027 | D:5      | Found Wamavaz's Antique Weapon Shoppe.
  3529 | D:5      | Reached skill level 7 in Unarmed Combat
  3687 | D:5      | Reached skill level 1 in Shields
  3837 | D:6      | Reached XP level 9. HP: 76/76 MP: 9/9
  3960 | D:6      | Found an iron altar of Okawaru.
  3977 | D:6      | Slain by an orc warrior

Illustrated notes

Levels and vault maps discovered:
D:1:      beargit_arrival_greenhouse, layout_basic, minmay_tromino_i2
D:2:      layout_basic, minmay_split_cup_large, uniq_terence, uniq_natasha
D:3:      layout_basic, xom_confusion_cloud, minmay_distorted, uniq_robin,
          uniq_grinder, uniq_sigmund
D:4:      layout_cave_pools, lemuel_tele_altar,
          chequers_temple_overflow_minitemple, serial_shops, kennysheep_mini,
          mrwooster_statue_mirror, minmay_misc_feat_tiny, st_stairs_7,
          uniq_ijyb, uniq_edmund
D:5:      layout_gridville, mainiacjoe_overflow_alcove_1, serial_shops,
          nicolae_shop_hallway_stairs, chequers_serial_rivers_micro_c
D:6:      layout_cave_pools, makhleb_blood_cavern_becter, minmay_ruined_shrine

Skill      XL: |  1  2  3  4  5  6  7  8  9 |
---------------+----------------------------+-----
Dodging        | 2 3 4 5 |  5.0
Unarmed Combat | 3 4 5 7 |  7.7
Translocations | 3 4 5 6 |  6.1
Shields        | 1 2 |  2.5
Fighting       | |  1.5
Throwing       | |  0.8
Spellcasting   | |  1.2

Action                   |  1- 3 |  4- 6 |  7- 9 || total
-------------------------+-------+-------+-------++-------
Melee: Unarmed           |   104 |   151 |   213 ||   468
       Punch             |     1 |     2 |     5 ||     8
 Stab: Confused          |       |     1 |       ||     1
       Sleeping          |       |       |     1 ||     1
Armor: Robe              |    33 |    56 |    53 ||   142
Dodge: Dodged            |    42 |    86 |    91 ||   219
Block: Kite shield       |       |       |    29 ||    29
